 Dungeon Crawl Stone Soup version 0.22-a0-803-gd6d8abeff0 (webtiles) character file.

53 Htamos the Ruffian (level 3, -4/23 HPs)
             Began as a Tengu Berserker on July 22, 2018.
             Was a Follower of Trog.
             Slain by Sigmund
             ... wielding a +0 scythe
              (7 damage)
             ... on level 2 of the Dungeon.
             The game lasted 00:03:15 (1275 turns).

Htamos the Ruffian (Tengu Berserker)                Turns: 1275, Time: 00:03:15

Health: -4/23      AC:  2    Str: 17    XL:     3   Next: 89%
Magic:  4/4        EV: 13    Int:  7    God:    Trog [*.....]
Gold:   59         SH:  0    Dex: 14    Spells: 2/2 levels left

rFire    + . .     SeeInvis .     - Unarmed
rCold    + . .     Gourm    .   (no shield)
rNeg     . . .     Faith    .   a - +0 animal skin
rPois    .         Spirit   .   (helmet restricted)
rElec    .         Reflect  .   g - scarf {rC+ rF+}
rCorr    .         Harm     .   (no gloves)
MR       .....                  (boots unavailable)
Stlth    +.........             (no amulet)
HPRegen  0.07/turn              (no ring)
MPRegen  0.09/turn              (no ring)

@: no status effects
A: beak, talons 3
a: Berserk, Renounce Religion


You were on level 2 of the Dungeon.
You worshipped Trog.
Trog was aware of your devotion.
You were not hungry.

You visited 1 branch of the dungeon, and saw 2 of its levels.

You collected 59 gold pieces.

Inventory:

Armour
 a - a +0 animal skin (worn)
 g - a scarf of resistance (worn)
 n - a +0 scale mail
Jewellery
 j - a cursed ring of positive energy {unknown}
Scrolls
 d - 6 scrolls of identify {unknown}
 e - a scroll of remove curse {unknown}
 h - 3 scrolls of teleportation {unknown}
 i - a scroll of enchant armour {unknown}
 l - 2 scrolls of amnesia {unknown}
 o - 2 scrolls of noise {unknown}
Potions
 f - a potion of might {unknown}
 k - a potion of flight {unknown}
 m - 2 potions of lignification {unknown}
Comestibles
 b - 3 rations
 c - a chunk of flesh


   Skills:
 + Level 3.3 Fighting
 + Level 2.7 Armour
 + Level 2.8 Dodging
 * Level 4.1 Unarmed Combat


You had 2 spell levels left.
You didn't know any spells.
Your spell library was empty.

Dungeon Overview and Level Annotations

Branches:
Dungeon (2/15)

Altars:

Annotations:
D:2 Sigmund


Innate Abilities, Weirdness & Mutations

You have a beak for a mouth.
You have claws for feet.


Message History

Sigmund mumbles some strange words.
Sigmund flickers and vanishes!
Deactivating autopickup; reactivate with Ctrl-A.
Something hits you but does no damage.
There is a strange disturbance nearby!
No target in view!
You hit something. You claw something. You peck something.
Something hits you but does no damage.
You closely miss something. You claw something. You barely miss something.
Something completely misses you.
You closely miss something. Your peck misses something.
Your punch misses something. Something hits you!
Ouch! That really hurt!
* * * LOW HITPOINT WARNING * * *
You barely miss something. Your kick misses something.
Some of the chunks of flesh in your inventory have rotted away.
You hit something. You claw something. Something hits you!
* * * LOW HITPOINT WARNING * * *
Something hits you!
You die...

#........ #..#..... #.#
#).#..... #.# #..######
#### #.# #..# # ..# #.#
#..###### #{# #.#
#........ #.# #.#
##.####..
######@####.####.# #..
..................####.)
#######......####.......
######## #)####..
###.####.. #......).# #
#.#.###### #.#####.#.#
#.#.....#.#


There were no monsters in sight!

Vanquished Creatures
  2 adders (D:2)
  2 worms (D:2)
  4 leopard geckos
  2 giant cockroaches (D:1)
  3 goblins
  2 hobgoblins (D:2)
  4 bats
  3 frilled lizards
  A kobold (D:2)
  6 rats
29 creatures vanquished.

Notes
Turn   | Place    | Note
-------+----------+-------------------------------------------
     0 | D:1      | Htamos the Tengu Berserker began the quest for the Orb.
     0 | D:1      | Reached XP level 1. HP: 14/14 MP: 2/2
   357 | D:1      | Reached XP level 2. HP: 19/19 MP: 3/3
   909 | D:2      | Reached XP level 3. HP: 23/23 MP: 4/4
  1031 | D:2      | Reached skill level 4 in Unarmed Combat
  1266 | D:2      | Noticed Sigmund
  1275 | D:2      | Slain by Sigmund

Vault maps used:
D:1:      minmay_arrival_radiant_lines
D:2:      nemelex_altar_shiori, chequers_ecumenical_altar_simple,
          minmay_joined_circles, uniq_natasha, uniq_sigmund

Skill      XL: |  1  2  3 |
---------------+----------+-----
Unarmed Combat | 4 |  4.1
Fighting       | |  3.3
Armour         | |  2.7
Dodging        | |  2.8

Action                   || total
-------------------------++-------
Melee: Unarmed           ||    71
       Peck              ||    14
       Kick              ||    15
       Punch             ||     2
  Eat: Chunk             ||     1
Armor: Animal skin       ||    12
Dodge: Dodged            ||    36

Table legend:
 A = Spawn XP
 B = Non-spawn XP
 C = Spawn XP percentage of total XP
 D = Spawn monster count
 E = Non-spawn monster count
 F = Spawn count percentage of total count
 G = Total turns spent on level
                    A         B        C        D         E        F      G
               +---------+---------+-------+---------+---------+-------+---------
         Total |       0 |      77 |   0.0 |       0 |      29 |   0.0 |  1275
               +---------+---------+-------+---------+---------+-------+---------
           D:1 |       0 |      17 |   0.0 |       0 |      12 |   0.0 |   789
           D:2 |       0 |      60 |   0.0 |       0 |      17 |   0.0 |   486
               +---------+---------+-------+---------+---------+-------+---------
